AoeStats
← persephone9

Black Forest

503129868Analyzed
2v2 RM · 1mo ago on Aug 30, 2026· 61m 40s· 4 players
Game mode
Random Map
Map size
Medium (4 player)
Population
200
Speed
Normal
Resources
Standard
Victory
Conquest
Starting age
Dark Age
Ending age
Imperial Age
RankedLock teamsTeams togetherTeam positionsShared explorationLock speedFull tech treeHidden civsTurbo modeCheats
Victory
Defeat
🇨🇳 Aztecs · China
868
+15
🇭🇰 Franks · Hong Kong SAR China
852
+15
🇹🇼 Franks · Taiwan
846
-15
🇺🇸 Bohemians · United States
829
-15
persephone9
0:38 Loom
15:29 Feudal Age
16:44 Town Watch
25:43 Castle Age
24:02 Horse Collar
24:15 Double-Bit Axe
24:51 Fletching
27:52 Fervor
36:16 Imperial Age
35:04 Chemistry
34:34 Town Patrol
38:39 Conscription
40:30 Murder Holes
40:40 Siege Engineers
40:56 Ballistics
40:48 Fortified Wall
40:19 Treadmill Crane
40:41 Heavy Plow
40:47 Bodkin Arrow
47:32 Caravan
52:19 Houfnice
iantsai1114
11:19 Loom
13:49 Feudal Age
14:38 Double-Bit Axe
17:00 Wheelbarrow
19:26 Castle Age
20:53 Bow Saw
23:15 Wheelbarrow
27:55 Imperial Age
28:07 Husbandry
28:15 Scale Barding Armor
28:22 Forging
29:18 Chain Barding Armor
30:33 Conscription
32:08 Cavalier
35:49 Iron Casting
40:58 Hand Cart
43:51 Plate Barding Armor
45:50 Blast Furnace
44:20 Pikeman
45:03 Squires
45:13 Halberdier
46:06 Scale Mail Armor
47:01 Caravan
47:45 Coinage
46:48 Paladin
49:45 Onager
50:59 Chain Mail Armor
51:58 Chemistry
51:19 Ballistics
51:45 Gold Mining
51:46 Stone Mining
61:39 Gold Shaft Mining
~~~
11:53 Feudal Age
16:05 Castle Age
14:31 Horse Collar
16:27 Double-Bit Axe
17:46 Bow Saw
22:42 Wheelbarrow
22:51 Heavy Plow
27:33 Forging
28:51 Gambesons
29:07 Squires
28:52 Arson
29:39 Hand Cart
30:19 Iron Casting
35:26 Imperial Age
32:53 Pikeman
38:59 Scale Mail Armor
45:37 Blast Furnace
44:52 Chain Mail Armor
47:11 Block Printing
48:00 Redemption
48:35 Elite Skirmisher
49:18 Padded Archer Armor
49:08 Fletching
49:49 Plate Mail Armor
52:11 Atlatl
52:13 Bodkin Arrow
52:33 Leather Archer Armor
58:07 Capped Ram
59:31 Siege Ram
严辉村第一突破手
12:20 Feudal Age
13:45 Wheelbarrow
16:53 Castle Age
16:35 Double-Bit Axe
25:09 Gold Mining
30:13 Husbandry
30:20 Scale Barding Armor
32:58 Imperial Age
30:45 Bow Saw
32:50 Gold Shaft Mining
32:05 Stone Mining
32:40 Scale Barding Armor
32:50 Husbandry
33:04 Cavalier
34:10 Chain Barding Armor
34:03 Forging
34:43 Conscription
35:04 Chivalry
36:07 Chemistry
35:11 Paladin
36:54 Plate Barding Armor
37:39 Iron Casting
39:24 Ballistics
38:49 Arrowslits
40:11 Blast Furnace
40:27 Fletching
40:43 Scale Mail Armor
43:40 Fortified Wall
43:24 Pikeman
44:07 Squires
46:43 Onager
49:09 Hoardings
49:33 Bodkin Arrow
49:56 Chain Mail Armor
49:06 Halberdier
49:33 Arson
52:10 Plate Mail Armor
54:25 Padded Archer Armor
Connection lost

Rejoining the realm…

Still unreachable

The connection could not be restored.

Session expired

The server has moved on; the page needs a fresh start.